 Dungeon Crawl Stone Soup version 0.14-a0-1637-gd423c14 (webtiles) character file.

531 HollowCharge the Skirmisher (level 7, -3/50 (54) HPs)
             Began as a Human Skald on Dec 27, 2013.
             Was an Initiate of Okawaru.
             Slain by Grinder (7 damage)
             ... on Level 3 of the Dungeon.
             The game lasted 00:34:10 (5751 turns).

HollowCharge the Skirmisher (Human Skald)           Turns: 5751, Time: 00:34:10

HP  -3/50 (54)   AC  6     Str 12      XL: 7   Next:  6%
MP   4/12        EV 13     Int 12      God: Okawaru [......]
Gold 144         SH  0     Dex 15      Spells:  5 memorised,  0 levels left

rFire  . . .     SeeInvis .     a - +1 falchion
rCold  . . .     Clarity  .     i - +1 robe {MR+}
rNeg   . . .     Conserve .     (no shield)
rPois  .         rCorr    .     (no helmet)
rElec  .         rRot     .     (no cloak)
SustAb . .       Spirit   .     (no gloves)
rMut   .         Warding  .     d - +2 pair of boots
Saprov . . .     Stasis   .     (no amulet)
                                (no ring)
                                (no ring)

@: somewhat resistant to hostile enchantments, unstealthy
A: no striking features
a: Renounce Religion


You were on level 3 of the Dungeon.
You worshipped Okawaru.
Okawaru was noncommittal.
You were not hungry.

You visited 2 branches of the dungeon, and saw 5 of its levels.

You collected 144 gold pieces.

Inventory:

Hand weapons
 a - a +1,+1 falchion (weapon)
Armour
 d - a +2 pair of boots (worn)
 g - a +0 ring mail
 i - a +1 robe of magic resistance (worn)
Magical devices
 b - a wand of slowing (6)
Comestibles
 f - 2 meat rations
 m - 3 rotting chunks of orc flesh
 n - 2 chunks of hound flesh
Scrolls
 e - a scroll of magic mapping
 p - 2 scrolls of teleportation
 v - 2 scrolls of identify
Potions
 h - a potion of agility
 j - a potion of might
 l - a potion of brilliance
Books
 c - a book of Battle

   Spells                             Type                      Level
   *Infusion                          Charms                       1
   *Shroud of Golubria                Charms/Translocation         2
   *Song of Slaying                   Charms                       2
   *Spectral Weapon                   Hexes/Charms                 3
   *Regeneration                      Charms/Necromancy            3
 u - a book of Alchemy

   Spells                             Type                      Level
   Lethal Infusion                    Charms/Necromancy            2
   Sublimation of Blood               Necromancy                   2
   Condensation Shield                Ice                          4
   Alistair's Intoxication            Transmutation/Poison         4
   Petrify                            Transmutation/Earth          4
   Ignite Poison                      Fire/Transmutation           5


   Skills:
 * Level 4.0 Fighting
 * Level 3.7 Long Blades
 + Level 2.3 Armour
 + Level 2.5 Dodging
 + Level 2.5 Spellcasting
 + Level 3.9 Charms


You couldn't memorise any spells.
You knew the following spells:

 Your Spells              Type           Power        Failure   Level  Hunger
a - Infusion              Chrm           ##....       6%          1    #......
b - Song of Slaying       Chrm           ##......     10%         2    ###....
c - Shroud of Golubria    Chrm/Tloc      #.........   17%         2    ###....
d - Regeneration          Chrm/Necr      #.........   34%         3    ####...
e - Spectral Weapon       Hex/Chrm       #.......     34%         3    ####...


Dungeon Overview and Level Annotations

Branches:
Dungeon (4/16)             Temple (1/1) D:4

Altars:
Ashenzari
Cheibriados
Elyvilon
Fedhas
Kikubaaqudgha
Nemelex Xobeh
Okawaru
Trog
Vehumet
Yredelemnul
Zin

Annotations:
D:3 Grinder


Message History

You hit Grinder.
Grinder is severely wounded.
Grinder hits you!
You writhe in agony.
* * * LOW HITPOINT WARNING * * *
You hit Grinder.
Grinder is severely wounded.
Your attacks are no longer magically infused.
Grinder hits you!
* * * LOW HITPOINT WARNING * * *
You writhe in agony.
* * * LOW HITPOINT WARNING * * *
You smell something rotten. (slot m)
As you read the scroll of fear, it crumbles to dust.
You assume a fearsome visage.
Grinder is unaffected.
Your skin stops crawling.
Grinder barely misses you.
You hit Grinder.
Grinder is severely wounded.
Grinder hits you!
You die...

....# #.# #.# # ##.##
#.# #.# #...###.# #.#
.....##.# #.#
......#.#### #.#
.........>.# #.#
......#.##.# #.# #
.....##.##.####.##.#.#
....###.##......@....#
#.### #.##.####5##...#
..# #.##.###.#.# ..#
>.#####.##....# #.. .#
........##.###.# #.. #
##########.# #..#
#.####.....#
#..........#
############


You could see Grinder.

Vanquished Creatures
  3 eyes of draining (D:3)
  A hound (D:4)
  A worker ant (D:4)
  A scorpion (D:4)
  A gnoll (D:3)
  5 adders
  A giant mite (D:2)
  A worm (D:3)
  3 giant geckos (D:2)
  7 orcs
  A bat skeleton (D:4)
  8 hobgoblins
  11 bats
  7 giant cockroaches
  A giant gecko skeleton (D:4)
  8 giant newts
  8 goblins
  8 jackals
  A jackal skeleton (D:4)
  12 kobolds
  An orc skeleton (D:4)
  3 quokkas
  11 rats
  A spectral orc (D:2)
105 creatures vanquished.

Notes
Turn   | Place    | Note
--------------------------------------------------------------
     0 | D:1      | HollowCharge, the Human Skald, began the quest for the Orb.
     0 | D:1      | Reached XP level 1. HP: 16/16 MP: 3/3
   533 | D:1      | Reached XP level 2. HP: 20/22 MP: 4/4
   687 | D:1      | Learned a level 2 spell: Song of Slaying
   690 | D:1      | Learned a level 2 spell: Shroud of Golubria
  1490 | D:2      | Reached XP level 3. HP: 13/28 MP: 6/6
  2121 | D:2      | Found an iron altar of Okawaru.
  2191 | D:2      | Became a worshipper of Warmaster Okawaru
  2236 | D:2      | Reached XP level 4. HP: 15/34 MP: 4/7
  2516 | D:2      | Found a basalt altar of Yredelemnul.
  3515 | D:3      | Paralysed by a potion of paralysis for 2 turns
  3573 | D:3      | Reached XP level 5. HP: 37/37 MP: 7/9
  4058 | D:3      | Noticed Grinder
  4064 | D:3      | Paralysed by Grinder for 7 turns
  4074 | D:4      | Found a staircase to the Ecumenical Temple.
  4088 | Temple   | Entered the Ecumenical Temple
  4414 | D:3      | Found a bloodstained altar of Trog.
  4705 | D:3      | Reached XP level 6. HP: 43/43 MP: 0/11
  5631 | D:4      | Reached skill level 4 in Fighting
  5631 | D:4      | Reached XP level 7. HP: 35/50 MP: 8/12
  5646 | D:4      | Learned a level 3 spell: Regeneration
  5650 | D:4      | Learned a level 3 spell: Spectral Weapon
  5732 | D:3      | Paralysed by Grinder for 4 turns
  5737 | D:3      | Paralysed by Grinder for 2 turns
  5751 | D:3      | Slain by Grinder

Action                   |  1- 3 |  4- 6 |  7- 9 || total
-------------------------+-------+-------+-------++-------
Melee: Falchion          |   115 |   283 |    14 ||   412
 Cast: Infusion          |     5 |    14 |     1 ||    20
       Song of Slaying   |       |     3 |       ||     3
       Regeneration      |       |       |     1 ||     1
  Use: Scroll            |       |    15 |     1 ||    16
       Potion            |       |     6 |       ||     6
